 Dungeon Crawl Stone Soup version 0.26-b1-32-g5d43845318 (webtiles) character file.

Game seed: 15840261011935801560

627 Yorgos the Shield-Bearer (level 7, -6/56 HPs)
             Began as a Formicid Fighter on Jan 12, 2021.
             Killed from afar by Dowan (15 damage)
             ... with a shard of ice
             ... on level 4 of the Dungeon.
             The game lasted 00:04:14 (3785 turns).

Yorgos the Shield-Bearer (Formicid Fighter)         Turns: 3785, Time: 00:04:14

Health: -6/56      AC:  7    Str: 23    XL:     7   Next: 76%
Magic:  7/7        EV:  8    Int:  7    God:
Gold:   142        SH: 10    Dex: 10    Spells: 6/6 levels left

rFire    . . .     SeeInvis +   a - +1 hand axe (flame)
rCold    . . .     Faith    .   c - +0 kite shield
rNeg     . . .     Spirit   .   b - +0 scale mail
rPois    .         Reflect  .   (helmet unavailable)
rElec    .         Harm     .   (no cloak)
rCorr    .         Rampage  .   (no gloves)
Will     .....                  (no boots)
Stlth    ..........             n - amulet of the acrobat
HPRegen  0.18/turn              (no ring)
MPRegen  0.10/turn              (no ring)

@: no status effects
A: permanent stasis, dig shafts and tunnels, four strong arms, antennae 3
a: Dig, Shaft Self


You were on level 4 of the Dungeon.
You visited 2 branches of the dungeon, and saw 5 of its levels.

You collected 142 gold pieces.

Inventory:

Hand Weapons
 a - a +1 hand axe of flaming (weapon)
Missiles
 f - 214 stones
 h - 30 arrows
 m - 18 poisoned darts
 p - 61 sling bullets
Armour
 b - a +0 scale mail (worn)
 c - a +0 kite shield (worn)
Jewellery
 n - an amulet of the acrobat (around neck)
Wands
 r - a wand of digging (4)
Scrolls
 e - 2 scrolls of remove curse {unknown}
 g - 2 scrolls of blinking {unknown}
 i - 3 scrolls of identify {unknown}
 o - a scroll of fog {unknown}
 q - a scroll of enchant weapon {unknown}
Potions
 d - a potion of might
 j - a potion of resistance {unknown}
 l - 2 potions of ambrosia {unknown}
 s - a potion of heal wounds {unknown}
 t - a potion of berserk rage {unknown}
 u - a potion of mutation {unknown}
 v - a potion of haste {unknown}


   Skills:
 + Level 5.4 Fighting
 + Level 4.3 Axes
 + Level 5.3 Armour
 + Level 6.0 Shields


You had 6 spell levels left.
You didn't know any spells.
Your spell library was empty.

Dungeon Overview and Level Annotations

Branches:
Dungeon (4/15)             Temple (1/1) D:4

Altars:
Ashenzari
Elyvilon
Fedhas
Gozag
Hepliaklqana
Kikubaaqudgha
Makhleb
Nemelex Xobeh
Qazlal
Ru
Sif Muna
Uskayaw
Vehumet
Wu Jian
Xom
Yredelemnul
Zin
The Shining One

Annotations:
D:4 Dowan


Innate Abilities, Weirdness & Mutations

You cannot be hasted, slowed, berserked, paralysed or teleported.
You can dig through walls and to a lower floor.
Your four strong arms can wield two-handed weapons with a shield.
You have a pair of large antennae on your head. (SInv)


Message History

You kill Duvessa!
Dowan screams, "No!
Oh no!"
Dowan seems to find hidden reserves of power!
Dowan hits you but does no damage.
Your Shields skill increases to level 6!
You barely miss Dowan.
Dowan is heavily wounded.
Dowan hits you with a +2 dagger of flaming.
* * * LOW HITPOINT WARNING * * *
Dowan burns you.
* * * LOW HITPOINT WARNING * * *
Dowan completely misses you.
You hit Dowan. You burn Dowan.
Dowan is severely wounded.
Dowan hits you but does no damage. x2
You closely miss Dowan.
Dowan is severely wounded.
Dowan points at you and mumbles some strange words.
The shard of ice hits you!
You die...

#######..........≈≈
...................
######.#.##......†
#.#.#........
#.#.......... .
#.#####......
...#### #...#
#......
.......########.#
#......
..###..e@...)...#
#......
..###..##########
####... ..###..
...#..# ...#.. ..
_.. # .#. ..#.


You could see Dowan (fast).

Vanquished Creatures
  Sigmund (D:4)
  Menkaure (D:4)
  Duvessa (D:4)
  2 orc wizards (D:3)
  7 adders
  4 gnolls (D:3)
  A howler monkey skeleton (D:4)
  An ooze (D:3)
  2 worms (D:2)
  2 dart slugs
  4 leopard geckos
  9 orcs
  10 ball pythons
  7 bats
  4 giant cockroaches
  10 hobgoblins
  3 jackals (D:3)
  10 kobolds
  3 quokkas
  3 frilled lizards
  11 goblins
  9 rats
105 creatures vanquished.

Notes
Turn   | Place    | Note
-------+----------+-------------------------------------------
     0 | D:1      | Yorgos the Formicid Fighter began the quest for the Orb.
     0 | D:1      | Reached XP level 1. HP: 18/18 MP: 1/1
   165 | D:1      | Reached XP level 2. HP: 24/24 MP: 2/2
   540 | D:1      | Reached XP level 3. HP: 29/29 MP: 3/3
   571 | D:1      | Reached skill level 4 in Shields
  1677 | D:2      | Reached XP level 4. HP: 37/37 MP: 4/4
  2330 | D:3      | Reached XP level 5. HP: 19/42 MP: 5/5
  2889 | D:3      | Reached XP level 6. HP: 49/49 MP: 6/6
  2904 | D:3      | Reached skill level 5 in Shields
  3195 | D:3      | Found a hazy altar of Hepliaklqana.
  3442 | D:4      | Noticed Sigmund
  3455 | D:4      | Killed Sigmund
  3456 | D:4      | Reached skill level 5 in Fighting
  3456 | D:4      | Reached skill level 5 in Armour
  3456 | D:4      | Reached XP level 7. HP: 44/56 MP: 7/7
  3526 | D:4      | Found a staircase to the Ecumenical Temple.
  3563 | Temple   | Entered the Ecumenical Temple
  3765 | D:4      | Noticed Menkaure
  3766 | D:4      | Found a broken altar of Ashenzari.
  3766 | D:4      | Noticed Duvessa
  3769 | D:4      | Noticed Dowan
  3770 | D:4      | Killed Menkaure
  3774 | D:4      | HP: 2/56 [Duvessa/+0 rapier (5)]
  3782 | D:4      | Killed Duvessa
  3783 | D:4      | Reached skill level 6 in Shields
  3785 | D:4      | Killed from afar by Dowan

Illustrated notes

Levels and vault maps discovered:
D:1:      evilmike_arrival_grusome_pit, layout_basic
D:2:      layout_basic, minmay_split_cup_small
D:3:      layout_rooms, nzn_hepliaklqana_mist_gate, corexii_hall_statues_t,
          minmay_snake_closets
D:4:      layout_basic, cheibrodos_ashenzari_chains, okawaru_ov_weapons_minmay,
          temple_pool_b, uniq_duvessa, uniq_sigmund, uniq_menkaure
Temple:   eino_temple_rhombus

Skill      XL: |  1  2  3  4  5  6  7 |
---------------+----------------------+-----
Shields        | 4 5 6 |  6.0
Fighting       | 4 5 |  5.4
Armour         | 4 5 |  5.3
Axes           | 3 4 |  4.3

Action                   |  1- 3 |  4- 6 |  7- 9 || total
-------------------------+-------+-------+-------++-------
Melee: War axe           |   111 |    16 |       ||   127
       Hand axe          |       |   173 |    24 ||   197
 Abil: Dig               |     4 |     4 |       ||     8
  Use: Potion            |       |       |     2 ||     2
Armor: Scale mail        |    34 |    74 |     7 ||   115
Dodge: Dodged            |    44 |    86 |     5 ||   135
Block: Kite shield       |    71 |   105 |     7 ||   183
